 Dungeon Crawl Stone Soup version 0.27.1-16-g815e20cd7a (webtiles) character file.

Game seed: 5140071578465518331

769 pkoi the Conjurer (level 7, -3/75 HPs)
             Began as a White Draconian Hedge Wizard on Nov 23, 2021.
             Was a Believer of Ru.
             Succumbed to a scorpion's poison
             ... in an ossuary.
             The game lasted 00:08:00 (6036 turns).

pkoi the Conjurer (White Draconian Hedge Wizard)    Turns: 6036, Time: 00:08:01

Health: -3/75      AC:  8    Str: 12    XL:     7   Next: 52%
Magic:  11/11      EV: 12    Int: 16    God:    Ru [**....]
Gold:   171        SH:  0    Dex: 15    Spells: 4/12 levels left

rFire    + . .     SeeInvis .   h - +2 long sword (holy)
rCold    + + .     Faith    .   (no shield)
rNeg     . . .     Spirit   .   (armour unavailable)
rPois    +         Reflect  .   b - +0 hat
rElec    +         Harm     .   k - +1 cloak
rCorr    +         Rampage  .   (no gloves)
Will     .....                  (no boots)
Stlth    ..........             d - amulet of Kitowuen {RegenMP rCorr Dex+4}
HPRegen  0.22/turn              (no ring)
MPRegen  0.37/turn              (no ring)

@: berserking, lethally poisoned (-3 -> -40), resistant, very quick
A: breathe frost, AC +6, unfitting armour, cold resistance 1, cold-blooded,
inability to use devices
a: Breathe Frost, Renounce Religion


You were in an ossuary.
You worshipped Ru.
Ru was pleased with you.
You visited 1 branch of the dungeon, and saw 5 of its levels.
You also visited: Ossuary.

You collected 171 gold pieces.

Inventory:

Hand Weapons
 a - a +0 dagger
 h - a +2 long sword of holy wrath (weapon)
 v - a +2 dagger of distortion
 w - a +2 spear of venom
Armour
 b - a +0 hat (worn)
 k - a +1 cloak (worn)
Magical Staves
 A - a staff of poison
Jewellery
 d - the amulet of Kitowuen (around neck) {RegenMP rCorr Dex+4}
   (You acquired it on level 2 of the Dungeon)

   [amulet of magic regeneration]

   It increases your rate of magic regeneration.
   Dex:       It affects your dexterity (+4).
   rCorr:     It protects you from acid and corrosion.
Wands
 o - a wand of iceblast (6)
 r - a wand of acid (17)
Scrolls
 g - a scroll of enchant weapon {unknown}
 l - 2 scrolls of teleportation {unknown}
 m - 2 scrolls of identify {unknown}
 n - a scroll of fog
 p - a scroll of vulnerability {unknown}
 q - a scroll of noise {unknown}
 B - a scroll of amnesia
Potions
 c - 3 potions of heal wounds
 f - a potion of mutation {unknown}
 i - a potion of flight {unknown}
 j - a potion of brilliance {unknown}
 s - a potion of cancellation {unknown}
 u - a potion of magic
 x - a potion of might {unknown}
 z - a potion of resistance


   Skills:
 - Level 1.7 Dodging
 - Level 1.7 Stealth
 + Level 4.0 Unarmed Combat
 - Level 3.0 Spellcasting
 + Level 4.2 Conjurations
 + Level 3.1 Summonings
 + Level 3.2 Translocations
 + Level 2.1 Air Magic
 + Level 2.2 Poison Magic


You had 4 spell levels left.
You knew the following spells:

 Your Spells              Type           Power      Damage    Failure   Level
a - Magic Dart            Conj           64%        1d6       3%          1
b - Blink                 Tloc           N/A        N/A       8%          2
c - Call Imp              Summ           12%        N/A       8%          2
d - Mephitic Cloud        Conj/Pois/Air  11%        N/A       17%         3

Your spell library contained the following spells:

 Spells                   Type           Power      Damage    Failure   Level
 Summon Small Mammal      Summ           48%        N/A       4%          1
 Call Canine Familiar     Summ           12%        N/A       16%         3
 Conjure Flame            Conj/Fire      9%         6-21      24%         3
 Slow                     Hex            2%         N/A       28%         2
 Summon Guardian Golem    Hex/Summ       7%         N/A       28%         3


Dungeon Overview and Level Annotations

Branches:
Dungeon (5/15)            Ossuary (1/1)
 Temple: D:4-7

Altars:
Gozag
Ru

Shops:
D:5 [


Innate Abilities, Weirdness & Mutations

You can breathe waves of freezing cold which knock back foes.
Your icy white scales are hard. (AC +6)
You cannot fit into any form of body armour.
Your flesh is cold resistant. (rC+)
You are cold-blooded and may be slowed by cold attacks.
You cannot study or use magical devices.


Message History

The scorpion poisons you!
Your crimson imp hits the scorpion but does no damage.
Your shadow imp gestures at the scorpion.
The scorpion writhes in agony!
The scorpion misses your crimson imp.
It was a potion of heal wounds.
You feel much better.
* * * LOW HITPOINT WARNING * * *
You feel very sick. The scorpion barely misses you.
Your crimson imp barely misses the scorpion.
Your shadow imp barely misses the scorpion.
The scorpion closely misses your shadow imp.
The scorpion stings your crimson imp! The scorpion barely misses you.
You riposte.
You barely miss the scorpion.
The scorpion is heavily wounded.
It was a potion of resistance.
You feel protected.
* * * LOW HITPOINT WARNING * * *
You feel very sick.
Your crimson imp hits the scorpion but does no damage.
Your shadow imp gestures at the scorpion.
The scorpion writhes in agony!
The scorpion dies!
The scorpion closely misses you.
It was a potion of magic.
Magic courses through your body.
* * * LOW HITPOINT WARNING * * *
You feel very sick.
Your crimson imp hits the scorpion.
The scorpion stings you.
* * * LOW HITPOINT WARNING * * *
You are more poisoned.
The scorpion poisons you!
Your shadow imp completely misses the scorpion.
The scorpion stings you.
* * * LOW HITPOINT WARNING * * *
You are more poisoned.
The scorpion poisons you!
The scorpion zombie hits your shadow imp.
It was a potion of berserk rage.
A red film seems to cover your vision as you go berserk!
You feel yourself moving faster!
You feel mighty!
You die...

###8.....8###..?#...8..
#...........#M??#......
#...........######8...8
#.....8.....#...#......
#.....#.....†...#...8..
#.....#.....#...#...#..
##'###########'#######†
#...#.5s#...#...#...#..
#...'.@sZZ..#...8...'..
#...#..5#...#.......#..
##########'###8...8####
#.M.#...#...#.......#M.
#..!#...8...#...8...#?.
#!..#.......#...#...#?!
##+###8...8###########+
#....... +...8...+


You could see 2 scorpions, a scorpion zombie, a goblin zombie, a friendly
crimson imp (summoned) and a friendly shadow imp (summoned).

Vanquished Creatures
  2 scorpions (Ossuary)
  A water moccasin zombie (D:5)
  A hound (D:5)
  A jelly (D:5)
  A centaur zombie (Ossuary)
  A human zombie (Ossuary)
  A bullfrog skeleton (D:5)
  3 scorpion zombies
  A hound skeleton (D:4)
  Robin (D:2)
  4 adders
  6 gnolls
  A shadow imp (D:5)
  2 adder skeletons (D:4)
  2 worms
  A dart slug (D:1)
  3 orcs (D:4)
  8 bats
  4 endoplasms
  4 giant cockroaches
  23 goblins
  10 hobgoblins
  9 kobolds
  3 quokkas
  5 ball pythons
  5 frilled lizards
  A gnoll zombie (Ossuary)
  A goblin zombie (Ossuary)
  A kobold zombie (Ossuary)
  2 orc zombies (Ossuary)
  6 rats
114 creatures vanquished.

Vanquished Creatures (collateral kills)
  3 scorpions (Ossuary)
  A gnoll (D:4)
4 creatures vanquished.

Grand Total: 118 creatures vanquished

Notes
Turn   | Place    | Note
-------+----------+-------------------------------------------
     0 | D:1      | pkoi the Draconian Hedge Wizard began the quest for the
                  | Orb.
     0 | D:1      | Reached XP level 1. HP: 14/14 MP: 4/4
   167 | D:1      | Found a faded altar of an unknown god.
   472 | D:1      | Reached skill level 1 in Unarmed Combat
   527 | D:1      | Reached XP level 2. HP: 20/20 MP: 6/6
  1386 | D:2      | Identified a scroll of acquirement
  1386 | D:2      | Acquired the amulet of Kitowuen {RegenMP rCorr Dex+4}
  1585 | D:2      | Reached XP level 3. HP: 26/26 MP: 4/7
  2124 | D:2      | Noticed Robin
  2485 | D:2      | Killed Robin
  2780 | D:3      | Reached XP level 4. HP: 22/33 MP: 2/8
  2935 | D:2      | Learned a level 2 spell: Blink
  2938 | D:2      | Learned a level 2 spell: Call Imp
  3207 | D:3      | Found a sacrificial altar of Ru.
  3235 | D:3      | Became a worshipper of Ru the Awakened
  3706 | D:3      | Reached XP level 5. HP: 38/38 MP: 5/9
  4529 | D:4      | Learned a level 3 spell: Mephitic Cloud
  4775 | D:4      | Gained mutation: You cannot study or use magical devices.
                  | [Ru sacrifice]
  4775 | D:4      | Reached * piety under Ru
  4775 | D:4      | Reached ** piety under Ru
  5225 | D:5      | Entered Level 5 of the Dungeon
  5225 | D:5      | Found Atecora's Antique Armour Boutique.
  5280 | D:5      | Reached XP level 6. HP: 45/45 MP: 5/10
  5284 | D:5      | Found an opulent altar of Gozag.
  5360 | D:5      | Reached skill level 1 in Air Magic
  5360 | D:5      | Reached skill level 1 in Poison Magic
  5594 | D:5      | Found a sand-covered staircase.
  5606 | Ossuary  | Entered an ossuary
  5750 | Ossuary  | Your scales start taking on an icy white colour.
  5750 | Ossuary  | Reached XP level 7. HP: 22/50 MP: 11/11
  5750 | Ossuary  | Gained mutation: Your flesh is cold resistant. (rC+) [White
                  | Draconian growth]
  6036 | Ossuary  | Succumbed to a scorpion's poison

Illustrated notes

Levels and vault maps discovered:
D:1:      dpeg_arrival_concentric_ovals, layout_rooms,
          chequers_ecumenical_altar_simple, serial_glass, glass_columns_a,
          glass_columns_b, glass_columns_c, glass_columns_c, minivault_23,
          chequers_arboretum, hangedman_glass_teeth
D:2:      layout_basic, uniq_robin
D:3:      layout_basic, nicolae_ru_great_annihilating_truth,
          chequers_serial_rivers_room_b, chequers_mini_garden
D:4:      layout_basic, minmay_goblin_outpost
D:5:      layout_cave_pools, pdpol_temple_overflow_zin_treasury_gozag_greed,
          mainiacjoe_overflow_catwalk, general_overflow_altar, serial_shops,
          shop, lightli_ossuary_entry_decrepit_ruins, hex_tiny,
          minmay_misc_feat_secret_circle
Ossuary:  ossuary_minmay_scorpions

Skill      XL: |  1  2  3  4  5  6  7 |
---------------+----------------------+-----
Unarmed Combat | 1 2 3 4 |  4.0
Conjurations   | 2 3 4 |  4.2
Translocations | 2 3 |  3.2
Summonings     | 2 3 |  3.1
Air Magic      | 1 2 |  2.1
Poison Magic   | 1 2 |  2.2
Dodging        | |  1.7
Stealth        | |  1.7
Spellcasting   | |  3.0

Action                   |  1- 3 |  4- 6 |  7- 9 || total
-------------------------+-------+-------+-------++-------
Melee: Dagger            |    69 |       |       ||    69
       Tailslap          |     6 |    10 |     8 ||    24
       Punch             |     2 |     1 |       ||     3
       Long sword        |    14 |     9 |    31 ||    54
       Spear             |       |    69 |       ||    69
 Cast: Magic Dart        |   103 |   149 |       ||   252
       Call Imp          |       |     3 |     2 ||     5
Invok: Sacrifice Artific |       |     1 |       ||     1
  Use: Scroll            |     4 |     2 |       ||     6
       Potion            |       |       |     4 ||     4
 Stab: Invisible         |       |     1 |       ||     1
       Sleeping          |       |     3 |     1 ||     4
Armor: Skin              |    38 |    45 |    17 ||   100
Dodge: Dodged            |    69 |    80 |    29 ||   178
       Rpst.: Long sword |     8 |     9 |    11 ||    28
